 Dungeon Crawl Stone Soup version 0.28-a0-1002-gf00fe891ef (webtiles) character file.

Game seed: 14968665102143991265

12750 lunkers the Thaumaturge (level 12, -7/93 HPs)
             Began as a Djinni Cinder Acolyte on Dec 6, 2021.
             Was a High Priest of Ignis.
             Mangled by a four-headed hydra (13 damage)
             ... on level 2 of the Lair of Beasts.
             The game lasted 00:22:46 (11197 turns).

lunkers the Thaumaturge (Djinni Cinder Acolyte)    Turns: 11197, Time: 00:22:46

Health: -7/93      AC: 12    Str: 13    XL:     12   Next: 24%
Gold:   671        EV: 13    Int: 20    God:    Ignis [*****.] SH: 10 Dex: 10

rFire   + . .      SeeInvis .   v - +9 mace of the New World {flame, rElec rF- rN+ rCorr}
rCold   . . .      Faith    .   s - +1 kite shield {reflect}
rNeg    + . .      Spirit   .   n - +2 steam dragon scales
rPois   ∞          Reflect  +   d - +0 helmet
rElec   +          Harm     .   u - +2 cloak {Will+}
rCorr   +          Rampage  .   C - +0 pair of gloves
Will    ++...                   (boots unavailable)
Stlth   +.........              j - amulet of regeneration
HPRegen 1.05/turn               g - +4 ring of evasion
MPRegen 0.00/turn               o - ring of ice

@: flying
A: sickness immunity, fire resistance 2, cold vulnerability 1, float, innate
caster, hp casting, extra vitality 1
a: Renounce Religion, Fiery Armour, Foxfire Swarm, Rising Flame


You were on level 2 of the Lair of Beasts.
You worshipped Ignis.
Ignis was extremely pleased with you.
You visited 2 branches of the dungeon, and saw 12 of its levels.

You collected 671 gold pieces.

Inventory:

Hand Weapons
 a - a +0 falchion of flaming
 p - the +6 hand crossbow "Onuum" {vorpal, rElec rC+++ Dex-4 SInv}
   (You found it on level 1 of the Lair of Beasts)

   Any ammunition fired from it inflicts extra damage upon your enemies.
   Dex:       It affects your dexterity (-4).
   rC:        It renders you almost immune to cold.
   rElec:     It insulates you from electricity.
   SInv:      It lets you see invisible.
 t - a +2 quarterstaff of chaos
 v - the +9 mace of the New World (weapon) {flame, rElec rF- rN+ rCorr}
   (You found it on level 4 of the Dungeon)

   It burns those it strikes, dealing additional fire damage.
   rF:        It makes you vulnerable to fire.
   rElec:     It insulates you from electricity.
   rN:        It protects you from negative energy.
   rCorr:     It protects you from acid and corrosion.
Missiles
 e - 337 stones
 E - 2 throwing nets
Armour
 d - a +0 helmet (worn)
 n - +2 steam dragon scales (worn)
 s - a +1 kite shield of reflection (worn)
 u - a +2 cloak of willpower (worn)
 w - the +4 ring mail "Cuafanwo" {rCorr}
   (You found it on level 7 of the Dungeon)

   rCorr:     It protects you from acid and corrosion.
 C - a +0 pair of gloves (worn)
Jewellery
 g - a +4 ring of evasion (left hand)
 j - an amulet of regeneration (around neck)
 o - a ring of ice (right hand)
 y - a ring of willpower
Wands
 c - a wand of mindburst (10)
 k - a wand of iceblast (15)
 D - a wand of charming (2)
Scrolls
 b - 6 scrolls of teleportation
 l - 4 scrolls of enchant weapon
 F - a scroll of magic mapping
 H - 2 scrolls of fear
Potions
 f - 7 potions of curing
 h - 3 potions of brilliance
 i - 3 potions of lignification
 m - 2 potions of might
 q - 2 potions of berserk rage
 r - a potion of heal wounds {unknown}
 x - a potion of degeneration {unknown}
 z - a potion of haste {unknown}
 A - a potion of resistance {unknown}
 G - 2 potions of mutation {unknown}
Miscellaneous
 B - a tin of tremorstones (2/2)


   Skills:
 + Level 10.9 Fighting
 - Level 2.6 Long Blades
 + Level 5.4 Shields
 * Level 11.6 Spellcasting


You had 19 spell levels left.
You knew the following spells:

 Your Spells              Type           Power      Damage    Failure   Level
a - Sandblast             Erth           100%       2d20      1%          1
b - Passwall              Tmut/Erth      45%        N/A       1%          2
c - Swiftness             Air            55%        N/A       1%          3
d - Call Canine Familiar  Summ           55%        N/A       1%          3
e - Animate Dead          Necr           27%        N/A       1%          4
p - Scorch                Fire           100%       2d10      1%          2
Your spell library was empty.

Dungeon Overview and Level Annotations

Branches:
Dungeon (10/15)            Temple (0/1) D:7            Lair (2/6) D:9
    Orc (0/2) D:10
  Swamp: Lair:2-4    Shoals: Lair:2-4     Snake: Lair:2-4    Spider: Lair:2-4

Altars:
Dithmenos
Elyvilon
Hepliaklqana
Makhleb
Okawaru
Vehumet
Wu Jian
Yredelemnul
Zin
Beogh

Shops:
D:2 *   D:3 [   D:6 !


Innate Abilities, Weirdness & Mutations

You are immune to sickness and miasma.
You are immune to poison.
Your flesh is very heat resistant. (rF++)
You are vulnerable to cold. (rC-)
You float through the air rather than walking.
You learn spells naturally, not from books.
Your magical power is your life essence.
You have superior vitality. (+4 HP)


Message History

The four-headed hydra bites you but does no damage.
The four-headed hydra bites you.
* * * LOW HITPOINT WARNING * * *
You block the four-headed hydra's attack.
The four-headed hydra bites you!
* * * LOW HITPOINT WARNING * * *
Okay, then.
Casting: Scorch (safe; 1% risk of failure)
Confirm with . or Enter, or press ? or * to list all spells.
Okay, then.
The four-headed hydra is no longer more vulnerable to fire.
Casting: Scorch (safe; 1% risk of failure)
Confirm with . or Enter, or press ? or * to list all spells.
Okay, then.
Casting: Scorch (safe; 1% risk of failure)
Confirm with . or Enter, or press ? or * to list all spells.
Aiming: Passwall (safe; 1% risk of failure)
Press: ? - help, Dir - move target A rock wall.
* * * LOW HITPOINT WARNING * * *
The four-headed hydra bites you!
* * * LOW HITPOINT WARNING * * *
The four-headed hydra bites you.
* * * LOW HITPOINT WARNING * * *
The four-headed hydra bites you but does no damage.
You block the four-headed hydra's attack.
You begin to meditate on the wall.
You continue meditating on the rock.
The four-headed hydra bites you!
* * * LOW HITPOINT WARNING * * *
The four-headed hydra bites you.
* * * LOW HITPOINT WARNING * * *
You block the four-headed hydra's attack.
The four-headed hydra bites you but does no damage.
You continue meditating on the rock.
The four-headed hydra bites you.
* * * LOW HITPOINT WARNING * * *
The four-headed hydra bites you!
* * * LOW HITPOINT WARNING * * *
The four-headed hydra bites you!
You die...

.$..l.D##.# .. .
#.†<..# ...
..............#
......#....8....###
....##....####....# .
......## #...##
...#.... ##### ....#
##....###...###...###
+.....†.h...D@......+
..8.....8.†<..8.....8#
.+...................+
###...##....###...###
#... ###..# ...# ##..
#### ..## ##. .# ## #.


You could see a four-headed hydra (ally target) and a friendly wolf (summoned,
petrified).

Vanquished Creatures
  A manticore (D:10)
  2 cane toads (Lair:1)
  Psyche (D:8)
  A komodo dragon (Lair:1)
  A troll (D:10)
  A hornet (D:9)
  Prince Ribbit (D:9)
  A blink frog (Lair:2)
  A wraith (D:7)
  A wyvern (Lair:1)
  12 yaks
  3 basilisks
  Eustachio (D:4)
  2 steam dragons
  4 water moccasins
  An ice beast (D:7)
  A sky beast (D:7)
  3 orc warriors
  A black bear (D:9)
  2 ogres
  3 wolves (D:9)
  8 centaurs
  A phantom (D:5)
  A lemure (D:8)
  Blork the orc (D:4)
  7 bullfrogs
  5 scorpions
  3 killer bees (D:10)
  18 wights
  A centaur zombie (D:9)
  A bullfrog zombie (D:5)
  2 hounds
  2 iron imps (D:6)
  2 jellies
  Crazy Yiuf (D:4)
  A gnoll shaman (D:5)
  7 orc priests
  2 bullfrog skeletons
  2 iguanas (D:5)
  Ijyb (D:5)
  6 orc wizards
  A hound skeleton (D:4)
  A howler monkey zombie (D:9)
  4 adders
  7 gnolls
  A howler monkey skeleton (D:5)
  3 river rats (D:4)
  2 white imps
  A worm (D:2)
  2 dart slugs
  24 orcs
  8 endoplasms
  8 giant cockroaches
  4 goblins
  5 hobgoblins
  3 jackals (D:2)
  2 quokkas
  4 ball pythons
  8 bats
  A frilled lizard (D:2)
  10 kobolds
  A quokka skeleton (D:4)
  7 rats
223 creatures vanquished.

Vanquished Creatures (collateral kills)
  Harold (D:9)
  Pikel (D:8)
  Maggie (D:6)
  Grum (D:9)
  3 yaks (D:10)
  A black bear (D:9)
  An orc warrior (D:6)
  A wolf (D:9)
  A kobold brigand (D:7)
  A scorpion (D:9)
  A bullfrog (D:8)
  A water moccasin skeleton (D:6)
  5 wights
  A hound (D:6)
  5 orc priests
  An iron imp (D:6)
  3 orc wizards (D:6)
  5 orcs
34 creatures vanquished.

Vanquished Creatures (others)
  14 fungi
  14 plants
28 creatures vanquished.

Grand Total: 285 creatures vanquished

Notes
Turn   | Place    | Note
-------+----------+-------------------------------------------
     0 | D:1      | lunkers the Djinni Cinder Acolyte began the quest for the
                  | Orb.
     0 | D:1      | Reached XP level 1. HP: 20/20 MP: 0/0
   127 | D:1      | Reached XP level 2. HP: 25/25 MP: 0/0
   588 | D:1      | Reached XP level 3. HP: 22/30 MP: 0/0
   588 | D:1      | Learned a level 1 spell: Sandblast
   594 | D:1      | Reached skill level 3 in Spellcasting
  1383 | D:2      | Found Culeme's Assorted Antiques.
  1384 | D:2      | Noticed a scorpion
  1391 | D:2      | Killed a scorpion
  1392 | D:2      | Reached XP level 4. HP: 24/37 MP: 0/0
  1392 | D:2      | Reached XP level 5. HP: 27/41 MP: 0/0
  1392 | D:2      | Learned a level 2 spell: Passwall
  2127 | D:3      | Noticed a water moccasin
  2133 | D:3      | Killed a water moccasin
  2134 | D:3      | Reached skill level 4 in Spellcasting
  2134 | D:3      | Reached XP level 6. HP: 17/48 MP: 0/0
  2581 | D:3      | Found a white marble altar of Elyvilon.
  2637 | D:3      | Found Afoar Codu's Antique Armour Shop.
  3089 | D:3      | Found a faded altar of an unknown god.
  3302 | D:4      | Reached XP level 7. HP: 13/53 MP: 0/0
  3302 | D:4      | Learned a level 3 spell: Swiftness
  3613 | D:4      | Reached skill level 5 in Spellcasting
  3622 | D:4      | Noticed Eustachio
  3629 | D:4      | Killed Eustachio
  3630 | D:4      | Reached skill level 5 in Fighting
  3840 | D:4      | Noticed Blork the orc
  3844 | D:4      | Killed Blork the orc
  4144 | D:4      | Reached XP level 8. HP: 54/60 MP: 0/0
  4297 | D:4      | Found a runed translucent door.
  4298 | D:4      | Noticed Crazy Yiuf
  4673 | D:4      | Killed Crazy Yiuf
  4678 | D:4      | Identified the +9 mace of the New World {flame, rElec rF-
                  | rN+ rCorr}
  4710 | D:4      | Identified a scroll of acquirement
  4711 | D:4      | Acquired an amulet of regeneration
  4868 | D:5      | Entered Level 5 of the Dungeon
  4900 | D:5      | Reached skill level 6 in Spellcasting
  4970 | D:5      | Noticed Ijyb
  4974 | D:5      | Killed Ijyb
  5422 | D:5      | Found a shadowy altar of Dithmenos.
  5560 | D:6      | Reached skill level 7 in Spellcasting
  5560 | D:6      | Reached XP level 9. HP: 57/67 MP: 0/0
  5560 | D:6      | Learned a level 3 spell: Call Canine Familiar
  5643 | D:6      | Found Woyddaep's Distillery.
  5645 | D:6      | Noticed Maggie
  5655 | D:6      | Killed Maggie
  5779 | D:6      | Reached skill level 8 in Spellcasting
  5826 | D:6      | Found an iron altar of Okawaru.
  6051 | D:6      | Found a hazy altar of Hepliaklqana.
  6146 | D:6      | Found a burning altar of Makhleb.
  6335 | D:7      | Identified the +4 ring mail "Cuafanwo" {rCorr}
  6397 | D:7      | Found a staircase to the Ecumenical Temple.
  6403 | D:7      | Reached XP level 10. HP: 64/76 MP: 0/0
  6813 | D:8      | Reached skill level 9 in Spellcasting
  6874 | D:8      | Noticed Psyche
  6883 | D:8      | Killed Psyche
  7642 | D:8      | Noticed Pikel
  7653 | D:8      | Killed Pikel
  7959 | D:9      | Noticed Grum
  7967 | D:9      | Killed Grum
  7968 | D:9      | Reached skill level 10 in Spellcasting
  8083 | D:9      | Reached skill level 1 in Shields
  8228 | D:9      | Reached XP level 11. HP: 82/84 MP: 0/0
  8228 | D:9      | Learned a level 4 spell: Animate Dead
  8692 | D:9      | Noticed Harold
  8693 | D:9      | Noticed Prince Ribbit
  8702 | D:9      | Killed Prince Ribbit
  8708 | D:9      | Killed Harold
  8899 | D:9      | Found a staircase to the Lair.
  9158 | D:10     | Entered Level 10 of the Dungeon
  9181 | D:10     | Reached skill level 10 in Fighting
  9267 | D:10     | Identified the +2 scale mail "Jextipep" {Rampage rElec
                  | Dex+5 Stlth+}
  9304 | D:10     | Noticed a manticore
  9313 | D:10     | Killed a manticore
  9410 | D:10     | Found a staircase to the Orcish Mines.
  9580 | D:10     | Found a basalt altar of Yredelemnul.
  9607 | D:10     | Found an ornate altar of the Wu Jian Council.
  9655 | D:10     | Found a glowing silver altar of Zin.
  9793 | D:10     | Reached skill level 11 in Spellcasting
 10132 | Lair:1   | Entered Level 1 of the Lair of Beasts
 10243 | Lair:1   | Identified the +6 hand crossbow "Onuum" {vorpal, rElec
                  | rC+++ Dex-4 SInv}
 10583 | Lair:1   | Reached XP level 12. HP: 30/93 MP: 0/0
 10733 | Lair:1   | Reached skill level 5 in Shields
 11128 | Lair:2   | Noticed a four-headed hydra
 11197 | Lair:2   | Mangled by a four-headed hydra

Illustrated notes

Levels and vault maps discovered:
D:1:      scummos_arrival_simple_fountains, layout_rooms
D:2:      layout_basic, serial_shops, nicolae_shop_statue_plus, serial_forest,
          infiniplex_forest_diagonal, infiniplex_forest_straight_3,
          infiniplex_forest_corner_2, infiniplex_forest_straight_3,
          infiniplex_forest_zigzag_2, infiniplex_forest_end_2,
          infiniplex_forest_clump_cross
D:3:      layout_basic, nicolae_elyvilon_temple_path,
          dreamdust_ecumenical_altar_sealed_demon, serial_shops,
          nicolae_shop_hallway_stairs
D:4:      layout_basic, vehumet_crystals, portal_sewer_entry_e,
          uniq_crazy_yiuf_cottage, uniq_eustachio, uniq_blork_the_orc
D:5:      layout_basic, lemuel_crystal_altar, grunt_decor_resistance, uniq_ijyb
D:6:      layout_basic, worldfamousw_hep_ancestral_shrine, demons_altar,
          okawaru_gym_becter, serial_shops, shop, uniq_maggie
D:7:      layout_rooms, temple_pool_b, chequers_serial_rivers_micro_d
D:8:      layout_loops_ring, serial_co_window_serial, co_window_corner_a,
          co_window_paths_a, co_window_paths_b, co_window_corner_a,
          co_window_paths_a, co_window_unsneaky_path_a,
          co_window_unsneaky_path_d, co_window_paths_c, co_window_paths_c,
          co_window_4corner_b, co_window_paths_d, glass_columns_b,
          glass_columns_a, nrook_loot_triangle, minmay_misc_feat_nine_boxes,
          uniq_pikel, uniq_psyche
D:9:      layout_loops_ring, grunt_lair_entry_orc_guard_hut,
          grunt_ministairs_14, david_defended_altar_orc, uniq_grum,
          uniq_prince_ribbit1, uniq_harold
D:10:     layout_roguey, zin_treasury, nzn_wu_jian_contemplation,
          kennysheep_mini_moat, david_orc_1_choice
Lair:1:   layout_small_grid, amcnicky_mini_pool_medium,
          infiniplex_staircase_pool_2
Lair:2:   layout_layer_cave, grunt_megastairs_5, uniq_urug

Skill      XL: |  1  2  3  4  5  6  7  8  9 10 11 12 |
---------------+-------------------------------------+-----
Spellcasting   | 3 4 5 7 8 10 11 | 11.6
Fighting       | 4 5 6 8 9 10 | 10.9
Shields        | 1 4 5 |  5.4
Long Blades    | |  2.6

Action                   |  1- 3 |  4- 6 |  7- 9 | 10-12 || total
-------------------------+-------+-------+-------+-------++-------
Melee: Falchion          |    15 |       |    27 |     2 ||    44
       Mace              |       |       |       |    11 ||    11
 Cast: Scorch            |    35 |    51 |   158 |   281 ||   525
       Call Canine Famil |       |       |     4 |    39 ||    43
       Passwall          |       |       |       |     1 ||     1
Evoke: Wand              |       |       |    10 |       ||    10
  Use: Scroll            |       |     3 |     7 |     9 ||    19
Armor: Robe              |     3 |     3 |     5 |       ||    11
       Steam dragon scal |       |       |    11 |    53 ||    64
Dodge: Dodged            |    13 |    11 |    60 |    67 ||   151
Block: Kite shield       |       |       |    29 |    60 ||    89
       Reflection        |       |       |     2 |     9 ||    11

Table legend: (Time is in decaauts)
 A = Elapsed time spent in this place.
 B = Non-inter-level travel time spent in this place.
 C = Inter-level travel time spent in this place.
 D = Time resting spent in this place.
 E = Time spent auto-exploring this place.
 F = Levels seen in this place.
 G = Mean time per level.
                   A        B        C        D        E       F      G
               +--------+--------+--------+--------+--------+-----+--------+
         Total |  11227 |  10548 |    679 |    325 |   8587 |  12 |  935.6 |
       Dungeon |  10159 |   9533 |    626 |    304 |   7772 |  10 | 1015.9 |
          Lair |   1067 |   1014 |     53 |     21 |    815 |   2 |  533.5 |
               +--------+--------+--------+--------+--------+-----+--------+

Top non-repeatable levels by time:
     D:4: 1753 daAuts
     D:2: 1588 daAuts
     D:8: 1193 daAuts
  Lair:1: 1015 daAuts
     D:9: 953 daAuts
     D:1: 937 daAuts
    D:10: 936 daAuts
     D:6: 812 daAuts
     D:3: 794 daAuts
     D:5: 710 daAuts
     D:7: 478 daAuts
  Lair:2: 52 daAuts
